 Dungeon Crawl Stone Soup version 0.28-a0-1638-g9123634e07 (webtiles) character file.

Game seed: 8277434256383963421

1384 AlmostDecent the Grappler (level 8, -5/76 HPs)
             Began as a Troll Monk on Jan 25, 2022.
             Was an Elder of Trog.
             Engulfed by a cloud of flame (21 damage)
             ... on level 6 of the Dungeon.
             The game lasted 00:14:48 (4002 turns).

AlmostDecent the Grappler (Troll Monk)              Turns: 4002, Time: 00:14:48

Health: -5/76      AC:  5    Str: 24    XL:     8   Next: 40%
Magic:  7/7        EV: 11    Int:  6    God:    Trog [****..]
Gold:   250        SH:  0    Dex: 17    Spells: 7/7 levels left

rFire   . . .      SeeInvis .     - Unarmed
rCold   + . .      Faith    .   (no shield)
rNeg    . . .      Spirit   .   s - +1 robe "Xeffut" {rC+ Str+4 Dex+3}
rPois   .          Reflect  .   (helmet restricted)
rElec   .          Harm     .   (no cloak)
rCorr   +          Rampage  .   (gloves unavailable)
Will    ++...                   (boots unavailable)
Stlth   ++........              (no amulet)
HPRegen 2.02/turn               k - ring of resist corrosion
MPRegen 0.10/turn               (no ring)

@: strong-willed, regenerating
A: large, unfitting armour, claws 3, regeneration 1, shaggy fur 1, tough skin 1
a: Renounce Religion, Berserk, Trog's Hand, Brothers in Arms


You were on level 6 of the Dungeon.
You worshipped Trog.
Trog was greatly pleased with you.
You visited 1 branch of the dungeon, and saw 6 of its levels.

You collected 250 gold pieces.

Inventory:

Hand Weapons
 t - a +2 dire flail of protection
Armour
 a - a +0 robe
 s - the +1 robe "Xeffut" (worn) {rC+ Str+4 Dex+3}
   (You found it on level 5 of the Dungeon)

   Str:       It affects your strength (+4).
   Dex:       It affects your dexterity (+3).
   rC:        It protects you from cold.
Jewellery
 k - a ring of resist corrosion (left claw)
Wands
 l - a wand of mindburst (3)
 m - a wand of polymorph (11)
 o - a wand of iceblast (4)
Scrolls
 b - 3 scrolls of fear {unknown}
 c - 7 scrolls of identify {unknown}
 h - a scroll of holy word {unknown}
 i - 3 scrolls of enchant weapon {unknown}
 j - a scroll of magic mapping {unknown}
 p - a scroll of blinking {unknown}
 q - 4 scrolls of teleportation {unknown}
 r - a scroll of noise {unknown}
Potions
 d - a potion of might {unknown}
 e - a potion of haste {unknown}
 f - a potion of flight {unknown}
 g - a potion of mutation {unknown}
 n - a potion of cancellation {unknown}
 u - a potion of resistance


   Skills:
 + Level 3.6 Fighting
 + Level 3.9 Dodging
 - Level 1.0 Stealth
 * Level 9.6 Unarmed Combat


You had 7 spell levels left.
You didn't know any spells.
Your spell library was empty.

Dungeon Overview and Level Annotations

Branches:
Dungeon (6/15)             Temple (0/1) D:5

Altars:
Trog

Annotations:
D:6 1 transporter


Innate Abilities, Weirdness & Mutations

You are too large for most types of armour.
You have claws for hands.
Your natural rate of healing is unusually fast.
You are covered in fur. (AC +1)
You have tough skin. (AC +1)


Message History

a +2 dire flail of protection; a +0 leather armour; the human skeleton of Edmund
t - a +2 dire flail of protection You see here a +0 giant club.
There is a stone staircase leading up here.
There is a stone staircase leading down here.
Done exploring.
You climb downwards.
Found 6 gold pieces.
Found a transporter.
There is a stone staircase leading up here.
Found a potion of resistance.
There is a transporter here.
There is a stone staircase leading up here.
You now have 250 gold pieces (gained 6).
There is a stone staircase leading up here.
There is a transporter here.
You enter the transporter and appear at another place.
u - a potion of resistance You open the gate.
A fire bat comes into view.
Found 38 gold pieces, a grey potion and 5 large rocks.
Found a transporter.
You are engulfed in blazing flames.
There is an open gate here.
The helpless fire bat fails to defend itself.
You scratch the fire bat.
The fire bat is moderately wounded.
You are engulfed in blazing flames.
The fire bat completely misses you. The fire bat bites you.
You are engulfed in flames!
The fire bat closely misses you.
There is an open gate here.
Really walk into a travel-excluded area?
You are engulfed in blazing flames.
The fire bat bites you.
You are engulfed in flames!
Your skin crawls.
You feel strong-willed.
You are engulfed in blazing flames.
* * * LOW HITPOINT WARNING * * *
The fire bat bites you but does no damage.
You are engulfed in blazing flames.
You die...

#.°°○..○#
#○.☼☼○○○#
#☼☼#©#.☼#
#○○...☼○#
#○○#.#○○#
#○○...○☼#
####○b○####
#○☼○☼○○○°°#
#○○○@○°°°☼#
#○☼°...☼°○#
#°○○$$$☼○°#
#°☼☼(©!○☼☼#
###########
##.©.##
#...# .#...


You could see a fire bat.

Vanquished Creatures
  Grinder (D:3)
  Edmund (D:5)
  Menkaure (D:5)
  An ice beast (D:5)
  A sky beast (D:4)
  2 black bears
  A necrophage (D:5)
  3 hounds
  Jessica (D:2)
  Terence (D:3)
  3 iguanas
  Natasha (thrice) (D:3)
  4 hound skeletons (D:4)
  A hound zombie (D:2)
  Robin (D:2)
  A howler monkey skeleton (D:4)
  4 adders
  A white imp (D:5)
  An ufetubus (D:5)
  An adder zombie (D:2)
  A worm (D:3)
  4 dart slugs
  An orc (D:3)
  3 bat skeletons (D:2)
  4 endoplasms
  4 giant cockroaches
  16 goblins
  12 hobgoblins
  4 jackals (D:2)
  A quokka (D:2)
  6 ball pythons
  A ball python zombie (D:2)
  5 bats
  A frilled lizard (D:2)
  A jackal skeleton (D:2)
  5 kobolds
  3 rats
105 creatures vanquished.

Vanquished Creatures (others)
  2 withered plants (D:2)
2 creatures vanquished.

Grand Total: 107 creatures vanquished

Notes
Turn   | Place    | Note
-------+----------+-------------------------------------------
     0 | D:1      | AlmostDecent the Troll Monk began the quest for the Orb.
     0 | D:1      | Reached XP level 1. HP: 22/22 MP: 0/0
   406 | D:1      | Reached XP level 2. HP: 24/29 MP: 1/1
   425 | D:1      | Found a faded altar of an unknown god.
   435 | D:1      | Prayed at the altar of an unknown god.
   435 | D:1      | Became a worshipper of Trog the Wrathful
   435 | D:1      | Reached * piety under Trog
   435 | D:1      | Reached ** piety under Trog
   706 | D:2      | Noticed Jessica
   720 | D:2      | Killed Jessica
   721 | D:2      | Reached XP level 3. HP: 16/36 MP: 2/2
   865 | D:2      | Reached *** piety under Trog
   992 | D:2      | Noticed Robin
  1000 | D:2      | Reached skill level 4 in Unarmed Combat
  1005 | D:2      | Killed Robin
  1006 | D:2      | Reached XP level 4. HP: 28/45 MP: 3/3
  1287 | D:2      | Identified the +2 leather armour of Yzaraz Qitoe {rC+}
  1857 | D:3      | Noticed Natasha
  1862 | D:3      | Reached XP level 5. HP: 53/53 MP: 4/4
  1867 | D:3      | Killed Natasha
  1867 | D:3      | Reached **** piety under Trog
  1868 | D:3      | Reached skill level 5 in Unarmed Combat
  1918 | D:3      | Noticed Terence
  1929 | D:3      | Killed Terence
  2231 | D:3      | Noticed Natasha
  2237 | D:3      | Killed Natasha
  2270 | D:3      | Noticed Grinder
  2275 | D:3      | Killed Grinder
  2276 | D:3      | Reached skill level 6 in Unarmed Combat
  2276 | D:3      | Reached XP level 6. HP: 61/61 MP: 5/5
  2361 | D:3      | Noticed Natasha
  2374 | D:3      | Killed Natasha
  2771 | D:4      | Noticed a sky beast
  2779 | D:4      | Killed a sky beast
  2780 | D:4      | Reached skill level 7 in Unarmed Combat
  2780 | D:4      | Reached XP level 7. HP: 67/67 MP: 6/6
  3249 | D:5      | Entered Level 5 of the Dungeon
  3277 | D:5      | Reached skill level 8 in Unarmed Combat
  3490 | D:5      | Noticed Menkaure
  3496 | D:5      | Killed Menkaure
  3497 | D:5      | Reached XP level 8. HP: 75/75 MP: 7/7
  3578 | D:5      | Found a staircase to the Ecumenical Temple.
  3603 | D:5      | Identified the +1 robe "Xeffut" {rC+ Str+4 Dex+3}
  3702 | D:5      | Noticed Edmund
  3713 | D:5      | Killed Edmund
  3714 | D:5      | Reached skill level 9 in Unarmed Combat
  3976 | D:6      | Found a transporter.
  3996 | D:6      | Found a transporter.
  4002 | D:6      | Engulfed by a cloud of flame

Illustrated notes

Levels and vault maps discovered:
D:1:      minmay_arrival_plants_in_alcoves, layout_basic,
          shapermc_ecumenical_altar_venn
D:2:      layout_basic, serial_undead, serial_undead_a, serial_undead_c,
          serial_undead_f, serial_undead_c, uniq_jessica, uniq_robin
D:3:      layout_loops_ring, uniq_natasha, uniq_terence, uniq_grinder
D:4:      layout_loops_cross
D:5:      layout_loops_ring, minmay_temple_entry_trees, uniq_edmund,
          uniq_menkaure
D:6:      gammafunk_cloud_chamber, layout_loops_ring,
          chequers_serial_rivers_micro_e

Skill      XL: |  1  2  3  4  5  6  7  8 |
---------------+-------------------------+-----
Unarmed Combat | 4 6 7 8 9 |  9.6
Fighting       | 3 |  3.6
Dodging        | 3 |  3.9
Stealth        | |  1.0

Action                   |  1- 3 |  4- 6 |  7- 9 || total
-------------------------+-------+-------+-------++-------
Melee: Unarmed           |    65 |   140 |    63 ||   268
       Punch             |     4 |     6 |       ||    10
Invok: Berserk           |     2 |     3 |     2 ||     7
       Trog's Hand       |       |       |     1 ||     1
 Stab: Sleeping          |     1 |     4 |     4 ||     9
       Distracted        |       |     2 |       ||     2
Armor: Robe              |    24 |    38 |    10 ||    72
       Skin              |       |     1 |       ||     1
Dodge: Dodged            |    33 |    44 |    36 ||   113

Table legend: (Time is in decaauts)
 A = Elapsed time spent in this place.
 B = Non-inter-level travel time spent in this place.
 C = Inter-level travel time spent in this place.
 D = Time resting spent in this place.
 E = Time spent auto-exploring this place.
 F = Levels seen in this place.
 G = Mean time per level.
                   A        B        C        D        E       F      G
               +--------+--------+--------+--------+--------+-----+--------+
         Total |   4046 |   3902 |    144 |    374 |   2805 |   6 |  674.3 |
       Dungeon |   4046 |   3902 |    144 |    374 |   2805 |   6 |  674.3 |
               +--------+--------+--------+--------+--------+-----+--------+

Top non-repeatable levels by time:
     D:2: 972 daAuts
     D:3: 960 daAuts
     D:5: 738 daAuts
     D:1: 704 daAuts
     D:4: 645 daAuts
     D:6: 25 daAuts
